 Dungeon Crawl Stone Soup version 0.28.0-61-g67df4f89a8 (webtiles) character file.

Game seed: 350983222871451945

1653 NotaViper the Slasher (level 9, -3/72 HPs)
             Began as a Ghoul Gladiator on Feb 13, 2023.
             Was a High Priest of Jiyva.
             Killed from afar by an electric eel (14 damage)
             ... with a bolt of electricity
             ... on level 6 of the Dungeon on Feb 14, 2023.
             The game lasted 00:20:16 (5257 turns).

NotaViper the Slasher (Ghoul Gladiator)             Turns: 5257, Time: 00:20:16

Health: -3/72      AC: 29    Str: 22    XL:     9   Next: 0%
Magic:  8/8        EV:  8    Int: 11    God:    Jiyva [*****.]
Gold:   147        SH:  0    Dex: 19    Spells: 8/8 levels left

rFire   . . .      SeeInvis .   y - +9 spear of the Pill Bug {vorpal, *Slow rC+ Int+4 Dex+3}
rCold   + + .      Faith    .   (no shield)
rNeg    + + +      Spirit   .   r - +15 plate armour "Wicah" {Int+4}
rPois   ∞          Reflect  .   c - +1 helmet
rElec   .          Harm     .   (no cloak)
rCorr   +          Rampage  .   (no gloves)
Will    +....                   (no boots)
Stlth   ..........              (no amulet)
HPRegen 1.44/turn               o - ring of willpower
MPRegen 0.56/turn               E - +6 ring of dexterity

@: inhibited regen
A: claws 1, cold resistance 1, negative energy resistance 3, inhibited
regeneration, torment resistance 2
a: Renounce Religion, Oozemancy, Slimify


You were on level 6 of the Dungeon.
You worshipped Jiyva.
Jiyva was extremely pleased with you.
You visited 1 branch of the dungeon, and saw 6 of its levels.

You collected 147 gold pieces.

Inventory:

Hand Weapons
 a - a +2 long sword
 j - a +0 war axe
 k - a +0 hand axe of electrocution
 m - a +0 spear
 p - a +5 falchion
 x - a +0 giant spiked club
 y - the +9 spear of the Pill Bug (weapon) {vorpal, *Slow rC+ Int+4 Dex+3}
   (You found it on level 4 of the Dungeon)

   It inflicts extra damage upon your enemies.
   Int:       It affects your intelligence (+4).
   Dex:       It affects your dexterity (+3).
   rC:        It protects you from cold.
   *Slow:     It may slow you when you take damage.
 z - a +2 whip of flaming
 C - a +1 flail of venom
 D - a +0 shortbow
Missiles
 d - 3 throwing nets (quivered)
 e - 71 stones
 g - 37 bolts
 s - a boomerang
 v - 75 arrows
 w - 12 sling bullets
Armour
 b - a +0 leather armour
 c - a +1 helmet (worn)
 l - a +0 ring mail
 r - the +15 plate armour "Wicah" (worn) {Int+4}
   (You found it on level 2 of the Dungeon)

   Int:       It affects your intelligence (+4).
 u - a +0 plate armour
 A - a +0 ring mail of cold resistance
Jewellery
 o - a ring of willpower (left claw)
 E - a +6 ring of dexterity (right claw)
Wands
 h - a wand of paralysis (11)
Scrolls
 i - 3 scrolls of vulnerability
 q - 2 scrolls of amnesia {unknown}
 B - a scroll of enchant armour
 G - a scroll of teleportation {unknown}
Potions
 f - 2 potions of curing
 n - a potion of cancellation {unknown}
 t - 2 potions of brilliance {unknown}
 F - a potion of degeneration {unknown}


   Skills:
 + Level 4.7 Fighting
 + Level 5.4 Long Blades
 + Level 2.8(4.1) Axes
 + Level 4.7(5.1) Polearms
 + Level 1.1 Bows
 + Level 2.3 Throwing
 + Level 4.3 Armour
 + Level 3.5 Dodging
 + Level 0.8 Stealth


You had 8 spell levels left.
You didn't know any spells.
Your spell library contained the following spells:

 Spells                   Type           Power      Damage    Failure   Level
 Magic Dart               Conj           0%         1d3       100%        1
 Searing Ray              Conj           0%         2d4       100%        2
 Dazzling Flash           Conj/Hex       0%         N/A       100%        3
 Fulminant Prism          Conj/Hex       0%         3d6       100%        4
 Iskenderun's Mystic Bla  Conj/Tloc      0%         2d3       100%        4
 Starburst                Conj/Fire      0%         6d3       100%        6


Dungeon Overview and Level Annotations

Branches:
Dungeon (6/15)
 Temple: D:4-7

Altars:
Cheibriados
Elyvilon
Kikubaaqudgha
Jiyva

Shops:
D:6 :


Innate Abilities, Weirdness & Mutations

You thrive by killing the living.
You are immune to poison.
You have sharp fingernails.
Your flesh is cold resistant. (rC+)
You are immune to negative energy. (rN+++)
You do not regenerate when monsters are visible.
You are immune to unholy pain and torment.


Message History

The jelly closely misses the electric eel.
You puncture the electric eel!
The electric eel is almost dead.
The electric eel shoots out a bolt of lightning at you!
The bolt of electricity hits you.
* * * LOW HITPOINT WARNING * * *
The bolt of electricity hits you but does no damage.
The electric eel shoots out a bolt of lightning at you!
The bolt of electricity hits the electric eel.
The electric eel completely resists.
The bolt of electricity hits the electric eel.
The electric eel completely resists.
The bolt of electricity hits you but does no damage.
You hit the electric eel.
You kill the electric eel!
You feel better.
The jelly completely misses the electric eel.
The electric eel shoots out a bolt of lightning at you!
The bolt of electricity hits you.
* * * LOW HITPOINT WARNING * * *
The electric eel shoots out a bolt of lightning at you!
The bolt of electricity hits the electric eel.
The electric eel completely resists.
The bolt of electricity hits you.
* * * LOW HITPOINT WARNING * * *
You have reached level 9!
Your experience leads to an increase in your attributes!
Your base attributes are Str 20, Int 3, Dex 10.
Increase (S)trength, (I)ntelligence, or (D)exterity?
You feel stronger. x2
The jelly closely misses the electric eel.
The electric eel shoots out a bolt of lightning at you!
The bolt of electricity misses you.
The electric eel shoots out a bolt of lightning at you!
The bolt of electricity hits the electric eel.
The electric eel completely resists.
The bolt of electricity hits you.
* * * LOW HITPOINT WARNING * * *
The jelly closely misses the electric eel.
The electric eel shoots out a bolt of lightning at you!
The bolt of electricity hits you!
You die...

...##
##..##.#####≈######......
..##
##..#####≈≈≈##≈....##.....
.## ##..##
#≈≈.≈≈######≈##.... ##
##...# #≈?S$.##SS≈##≈#....
# ##..###
#/PSJ(#≈≈.S≈#≈#....
#####..##
#P≈.P≈#≈≈($!#≈#....
>.....##
#.....#.P.≈.#≈#...J
####..#
#.....#...≈≈#.#.... ##.#
###@..##.....#.#.... #.##
#..##### ....#.#.... #..#
##...≈≈##'..##.#.... ##.#
#####≈≈.####≈##..## #.##
###..≈≈≈###### ##.#
####### #.# #.## ##.#


You could see 2 electric eels and a neutral jelly(fellow slime).

Vanquished Creatures
  Pikel (D:5)
  A water moccasin (D:5)
  A black bear (D:6)
  A centaur (D:5)
  4 ogres
  2 bullfrogs
  An electric eel (D:6)
  4 hounds
  2 centaur skeletons
  An iguana (D:5)
  A howler monkey zombie (D:6)
  4 gnolls
  6 adders
  2 shadow imps (D:5)
  An ufetubus (D:5)
  A dart slug (D:2)
  7 orcs
  5 bats (D:1)
  A bat skeleton (D:3)
  A bat zombie (D:3)
  An endoplasm (D:1)
  5 giant cockroaches
  7 goblins
  9 hobgoblins
  10 jackals
  5 kobolds
  4 quokkas
  7 ball pythons
  3 frilled lizards
  3 rats (D:1)
101 creatures vanquished.

Vanquished Creatures (others)
  A jelly (D:6)
  A hound (D:6)
  Jessica (D:2)
  Terence (D:3)
  2 adders (D:2)
  An adder zombie (D:4)
  2 worms
  A dart slug (D:4)
  An orc (D:4)
  4 ball pythons
  A bat (D:2)
  3 bat zombies (D:3)
  A giant cockroach (D:2)
  A goblin (D:3)
  2 hobgoblins (D:3)
  4 jackals (D:3)
  A quokka (D:4)
  2 frilled lizards
  5 kobolds
  A rat (D:2)
  8 plants
44 creatures vanquished.

Grand Total: 145 creatures vanquished

Notes
Turn   | Place    | Note
-------+----------+-------------------------------------------
     0 | D:1      | NotaViper the Ghoul Gladiator began the quest for the Orb.
     0 | D:1      | Reached XP level 1. HP: 17/17 MP: 0/0
    46 | D:1      | Reached XP level 2. HP: 10/25 MP: 1/1
   154 | D:1      | Reached skill level 3 in Long Blades
   563 | D:1      | Found a faded altar of an unknown god.
   566 | D:1      | Reached XP level 3. HP: 30/30 MP: 2/2
   710 | D:1      | Prayed at the altar of an unknown god.
   710 | D:1      | Became a worshipper of Jiyva Joqaubes the Shapeless
   710 | D:1      | Reached * piety under Jiyva
  1355 | D:1      | Reached ** piety under Jiyva
  1566 | D:2      | Reached XP level 4. HP: 37/37 MP: 3/3
  1621 | D:2      | Identified the +15 plate armour "Wicah" {Int+4}
  1661 | D:2      | Killed Jessica
  1667 | D:2      | Found a snail-covered altar of Cheibriados.
  1678 | D:2      | Reached skill level 1 in Armour
  2193 | D:3      | Reached *** piety under Jiyva
  2463 | D:3      | Found an ancient bone altar of Kikubaaqudgha.
  2645 | D:3      | Killed Terence
  2881 | D:3      | Reached **** piety under Jiyva
  3035 | D:4      | Reached XP level 5. HP: 42/42 MP: 4/4
  3179 | D:4      | Reached skill level 4 in Long Blades
  3270 | D:4      | Noticed an ogre
  3279 | D:4      | Killed an ogre
  3280 | D:4      | Reached XP level 6. HP: 43/51 MP: 5/5
  3290 | D:4      | Identified the +9 spear of the Pill Bug {vorpal, *Slow rC+
                  | Int+4 Dex+3}
  3405 | D:4      | Reached skill level 1 in Axes
  3779 | D:5      | Entered Level 5 of the Dungeon
  3839 | D:5      | Noticed Pikel
  3856 | D:5      | Killed Pikel
  3857 | D:5      | Reached skill level 5 in Long Blades
  3857 | D:5      | Reached XP level 7. HP: 59/59 MP: 6/6
  3857 | D:5      | Reached XP level 8. HP: 66/66 MP: 7/7
  4532 | D:6      | Reached skill level 1 in Bows
  4593 | D:6      | Reached ***** piety under Jiyva
  5140 | D:6      | Found Onwiatior's Book Boutique.
  5214 | D:6      | Noticed a cyclops
  5256 | D:6      | Reached XP level 9. HP: 9/72 MP: 8/8
  5257 | D:6      | Killed from afar by an electric eel

Illustrated notes

Levels and vault maps discovered:
D:1:      tarquinn_simple_flora_water_c, layout_basic,
          hellmonk_ecumenical_altar_crossroads, chequers_serial_rivers_micro_d,
          chequers_arboretum, chequers_serial_rivers_room_b, minmay_pentomino_q4
D:2:      layout_loops_ring, basic_altar, minmay_misc_feat_diagonals,
          minmay_misc_feat_rows, minmay_pentomino_pile, uniq_jessica
D:3:      layout_basic, kennysheep_vampire_church, guppyfry_early_orc_mine,
          uniq_terence
D:4:      layout_loops_ring, nicolae_figureground_pulse
D:5:      layout_basic, serial_glass, glass_columns_a, glass_columns_b,
          glass_columns_a, glass_columns_c, glass_columns_b, uniq_pikel
D:6:      cheibrodos_two_vegetables, layout_cave_pods,
          mainiacjoe_overflow_catwalk, serial_shops, kennysheep_mini

Skill      XL: |  1  2  3  4  5  6  7  8 |
---------------+-------------------------+-----
Long Blades    | 3 4 5 |  5.4
Dodging        | 3 |  3.5
Armour         | 1 2 3 4 |  4.3
Fighting       | 3 4 |  4.7
Axes           | 2 |  2.8
Polearms       | 2 4 |  4.7
Throwing       | 2 |  2.3
Bows           | 1 |  1.1
Stealth        | |  0.8

Action                   |  1- 3 |  4- 6 |  7- 9 || total
-------------------------+-------+-------+-------++-------
Melee: Long sword        |   117 |    73 |       ||   190
       Punch             |     2 |     1 |     1 ||     4
       Hand axe          |       |    13 |       ||    13
       Spear             |       |    34 |    80 ||   114
 Fire: Shortbow          |       |       |     2 ||     2
Throw: Boomerang         |       |     3 |       ||     3
  Use: Scroll            |       |     4 |       ||     4
       Potion            |       |       |     1 ||     1
Armor: Leather armour    |    42 |       |       ||    42
       Ring mail         |    26 |       |       ||    26
       Plate armour      |       |   117 |    69 ||   186
Dodge: Dodged            |   122 |    51 |    29 ||   202
